 Dungeon Crawl Stone Soup version 0.27.0-1-g7a089689b8 (webtiles) character file.

Game seed: 1413233398149836785

39 Dann the Ruffian (level 3, -1/34 HPs)
             Began as a Naga Berserker on Aug 9, 2021.
             Was a Follower of Trog.
             Slain by an orc (2 damage)
             ... on level 2 of the Dungeon.
             The game lasted 00:02:17 (2463 turns).

Dann the Ruffian (Naga Berserker)                   Turns: 2463, Time: 00:02:17

Health: -1/34      AC:  4    Str: 20    XL:     3   Next: 47%
Magic:  3/3        EV:  9    Int:  7    God:    Trog [*.....]
Gold:   25         SH:  0    Dex: 10    Spells: 2/2 levels left

rFire    . . .     SeeInvis +     - Unarmed
rCold    . . .     Faith    .   (no shield)
rNeg     . . .     Spirit   .   j - +0 ring mail
rPois    +         Reflect  .   (no helmet)
rElec    .         Harm     .   k - +0 cloak
rCorr    .         Rampage  .   (no gloves)
Will     .....                  (no barding)
Stlth    +.........             (no amulet)
HPRegen  0.11/turn              (no ring)
MPRegen  0.08/turn              (no ring)

@: very slow
A: AC +1, large, see invisible, deformed body, poison resistance, slowness 2,
spit poison 1, naga tail 1
a: Spit Poison, Renounce Religion, Berserk


You were on level 2 of the Dungeon.
You worshipped Trog.
Trog was aware of your devotion.
You visited 1 branch of the dungeon, and saw 2 of its levels.

You collected 25 gold pieces.

Inventory:

Armour
 a - a +0 animal skin
 j - a +0 ring mail (worn)
 k - a +0 cloak (worn)
Scrolls
 c - a scroll of blinking {unknown}
 e - 2 scrolls of acquirement {unknown}
 f - a scroll of vulnerability {unknown}
 h - a scroll of identify {unknown}
 m - a scroll of fog {unknown}
Potions
 b - a potion of brilliance {unknown}
 d - a potion of curing {unknown}
 g - a potion of invisibility {unknown}
 i - a potion of attraction {unknown}
 l - a potion of haste {unknown}


   Skills:
 + Level 3.4 Fighting
 + Level 1.7 Armour
 + Level 1.8 Dodging
 + Level 1.3 Stealth
 + Level 3.5 Unarmed Combat


You had 2 spell levels left.
You didn't know any spells.
Your spell library was empty.

Dungeon Overview and Level Annotations

Branches:
Dungeon (2/15)

Altars:

Shops:
D:1 *


Innate Abilities, Weirdness & Mutations

Your serpentine skin is tough. (AC +1)
You have supernaturally acute eyesight. (SInv)
Armour fits poorly on your strangely shaped body.
Your system is resistant to poisons. (rPois)
You cover ground very slowly.
You can spit poison.
You have a snake-like lower body.


Message History

The endoplasm is lightly wounded.
The endoplasm hits you.
The ball python bites you but does no damage.
You punch the endoplasm!
You kill the endoplasm!
Trog accepts your kill. The ball python barely misses you.
The ball python bites you but does no damage.
The ball python bites you.
You hit the ball python.
The ball python is severely wounded.
The ball python bites you but does no damage.
You hit the ball python but do no damage.
The ball python is severely wounded.
The ball python bites you.
You hit the ball python.
You kill the ball python!
Trog accepts your kill.
You see here a ball python corpse.
m - a scroll labelled RENEGAUVIN 2 orcs come into view.
The orc shouts! x2; You hear a shout! x2
The orc hits you with a +0 hand axe. The orc hits you with a +0 dagger.
An orc comes into view.
It is wielding a +0 flail. 2 orcs come into view.
An orc is wielding a +1 dagger of flaming.
The orc hits you with a +0 dagger. The orc hits you with a +0 flail.
The orc closely misses you. The orc hits you but does no damage.
The orc hits you with a +0 hand axe. The orc barely misses you.
The orc hits you with a +0 dagger. The orc barely misses you.
The orc closely misses you.
You barely miss the orc.
The orc hits you from afar with a +0 trident!
* * * LOW HITPOINT WARNING * * *
The orc hits you with a +0 dagger.
* * * LOW HITPOINT WARNING * * *
You completely miss the orc.
The orc hits you from afar with a +0 trident.
You die...

.............##.#># ##
###.....######.#.# ..
##...## #.#.# #. ##.##
#.#.# #. #.# #.#.## #.
#.########....# #.
#..............
#.#######...†..........
#.oooo@...########.....
#.o######## ##...# #..#
### ##.## #....o.o..
... #.# #....######
#.## #.# #.#?.. ...##.#
#...... #.#..# ##.#.#..
#<...# . .#... #.#..#


You could see 5 orcs.

Vanquished Creatures
  2 worms (D:2)
  3 ball pythons
  7 endoplasms
  2 giant cockroaches (D:1)
  3 goblins (D:1)
  A hobgoblin (D:1)
  4 jackals (D:2)
  2 kobolds
  A quokka (D:1)
  A bat (D:1)
  A frilled lizard (D:2)
  A rat (D:1)
28 creatures vanquished.

Notes
Turn   | Place    | Note
-------+----------+-------------------------------------------
     0 | D:1      | Dann the Naga Berserker began the quest for the Orb.
     0 | D:1      | Reached XP level 1. HP: 21/21 MP: 1/1
   542 | D:1      | Reached XP level 2. HP: 15/28 MP: 2/2
   754 | D:1      | Noticed a floating eye
   756 | D:1      | Found a faded altar of an unknown god.
   758 | D:1      | Noticed a floating eye
   758 | D:1      | Noticed a shining eye
   758 | D:1      | Noticed an eye of devastation
  1270 | D:1      | Found Xiuzyfem's General Store.
  1512 | D:2      | Reached XP level 3. HP: 23/34 MP: 3/3
  1870 | D:2      | Reached skill level 1 in Stealth
  2462 | D:2      | HP: 1/34 [orc (4)]
  2463 | D:2      | Slain by an orc

Illustrated notes

Levels and vault maps discovered:
D:1:      minmay_arrival_arboretum_small, layout_basic, serial_shops,
          shop_fountains, hellmonk_ecumenical_altar_watching_god
D:2:      layout_loops_ring

Skill      XL: |  1  2  3 |
---------------+----------+-----
Stealth        | 1 |  1.3
Fighting       | |  3.4
Armour         | |  1.7
Dodging        | |  1.8
Unarmed Combat | |  3.5

Action                   || total
-------------------------++-------
Melee: Unarmed           ||   118
Armor: Animal skin       ||    25
       Ring mail         ||     5
Dodge: Dodged            ||    59
